 Dungeon Crawl Stone Soup version 0.29.1-1-gd02db6906a (webtiles) character file.

Game seed: 14938788050778676088

65005 Icepheonix32 the Warrior (level 14, -5/123 HPs)
             Began as a Minotaur Fighter on Sept 21, 2022.
             Was a High Priest of Hepliaklqana.
             Slain by a death yak (32 damage)
             ... on level 5 of the Lair of Beasts.
             The game lasted 00:36:49 (18160 turns).

Icepheonix32 the Warrior (Minotaur Fighter)        Turns: 18160, Time: 00:36:50

Health: -5/123     AC: 17    Str: 20    XL:     14   Next: 73%
Magic:  17/17      EV: 16    Int:  4    God:    Hepliaklqana [*****.]
Gold:   682        SH:  0    Dex: 19    Spells: 13/13 levels left

rFire   . . .      SeeInvis .   n - +6 trident of Gravity {vorpal, rN+}
rCold   + . .      Faith    .   X - orb {mayhem}
rNeg    + . .      Spirit   .   f - +2 ring mail {Will+}
rPois   +          Reflect  .   (helmet restricted)
rElec   .          Harm     .   Z - scarf {+Inv}
rCorr   .          Rampage  .   k - +2 pair of gloves
Will    ++...      Rage     3%  P - +2 pair of boots {Fly}
Stlth   +++.......              E - amulet of regeneration
HPRegen 1.10/turn               e - ring of poison resistance
MPRegen 0.15/turn               B - ring of protection from cold

@: about to teleport, on berserk cooldown, flying, slowed, very slow
A: reduced essence, horns 2, retaliatory headbutt, agile 1, berserk 1, shaggy
fur 1
a: Renounce Religion, Evoke Invisibility, Recall Ancestor, Ancestor Identity,
Transference, Idealise


You were on level 5 of the Lair of Beasts.
You worshipped Hepliaklqana.
Hepliaklqana was extremely pleased with you.
You visited 3 branches of the dungeon, and saw 19 of its levels.
You also visited: Sewer and Bailey.

You collected 983 gold pieces.
You spent 301 gold pieces at shops.

Inventory:

Hand Weapons
 n - the +6 trident of Gravity (weapon) {vorpal, rN+}
   (You found it on level 2 of the Dungeon)

   It inflicts extra damage upon your enemies.
   rN:        It protects you from negative energy.
 Q - a +4 halberd of electrocution
 U - the +12 pair of quick blades "Gyre" and "Gimble" {protect}
   (You found it on level 9 of the Dungeon)

   It grants its wielder temporary protection when it strikes (+7 to AC).
Missiles
 u - 7 boomerangs (quivered)
 G - 2 throwing nets
 M - 4 javelins
 Y - 7 curare-tipped darts
Armour
 b - a +1 scale mail of fire resistance
 c - a +0 buckler
 f - a +2 ring mail of willpower (worn)
 k - a +2 pair of gloves (worn)
 y - a +2 chain mail of fire resistance
 H - a +2 ring mail of fire resistance
 N - +0 acid dragon scales
 P - a +2 pair of boots of flying (worn)
 W - a +0 cloak
 X - an orb of mayhem (worn)
 Z - a scarf of invisibility (worn)
Jewellery
 e - a ring of poison resistance (left hand)
 i - a ring of willpower
 B - a ring of protection from cold (right hand)
 E - an amulet of regeneration (around neck)
 T - a ring of fire
Wands
 r - a wand of roots (16)
 z - a wand of digging (3)
 C - a wand of flame (62)
 F - a wand of paralysis (4)
Scrolls
 a - a scroll of summoning
 h - 4 scrolls of fear
 j - 5 scrolls of teleportation
 l - 3 scrolls of amnesia
 p - a scroll of silence
 q - 6 scrolls of vulnerability
 s - a scroll of enchant weapon
 t - a scroll of blinking
 I - 2 scrolls of butterflies
 J - a scroll of poison
 L - 2 scrolls of immolation
 V - 4 scrolls of identify
Potions
 d - 8 potions of might
 g - a potion of cancellation
 m - 3 potions of invisibility
 o - 10 potions of curing
 v - 8 potions of heal wounds
 w - a potion of lignification
 x - a potion of mutation
 A - 2 potions of brilliance
 D - a potion of ambrosia
 K - 3 potions of attraction
 O - 3 potions of resistance
 R - 3 potions of haste
 S - 4 potions of magic


   Skills:
 * Level 16.3 Fighting
 - Level 2.7(10.1) Axes
 + Level 14.9(15.0) Polearms
 + Level 4.5 Throwing
 + Level 9.9 Armour
 + Level 9.0 Dodging
 + Level 5.9 Stealth
 + Level 7.0 Shields
 * Level 6.4 Invocations
 * Level 7.3 Evocations


You had 13 spell levels left.
You didn't know any spells.
Your spell library contained the following spells:

 Spells                   Type           Power      Damage    Failure   Level
 Beastly Appendage        Tmut           0%         N/A       65%         1
 Foxfire                  Conj/Fire      0%         2x1d4     65%         1
 Magic Dart               Conj           0%         1d3       65%         1
 Sandblast                Erth           0%         2d4       65%         1
 Blink                    Tloc           0%         N/A       78%         2
 Call Imp                 Summ           0%         N/A       78%         2
 Passwall                 Tmut/Erth      0%         N/A       78%         2
 Call Canine Familiar     Summ           0%         N/A       95%         3
 Conjure Flame            Conj/Fire      0%         6-21      95%         3
 Ignite Poison            Fire/Tmut/Pois 0%         N/A       95%         3
 Inner Flame              Hex/Fire       0%         N/A       95%         3
 Mephitic Cloud           Conj/Pois/Air  0%         N/A       95%         3
 Stone Arrow              Conj/Erth      0%         3d7       95%         3
 Anguish                  Hex/Necr       0%         N/A       100%        4
 Cause Fear               Hex            0%         N/A       100%        4
 Flame Wave               Conj/Fire      0%         2d4       100%        4
 Fulminant Prism          Conj/Hex       0%         3d6       100%        4
 Iskenderun's Mystic Bla  Conj/Tloc      0%         2d3       100%        4
 Petrify                  Tmut/Erth      0%         N/A       100%        4
 Summon Ice Beast         Ice/Summ       0%         N/A       100%        4
 Agony                    Necr           0%         N/A       100%        5
 Fireball                 Conj/Fire      0%         3d3       100%        5
 Freezing Cloud           Conj/Ice/Air   0%         6-21      100%        5
 Lee's Rapid Deconstruct  Erth           0%         3d5*      100%        5
 Manifold Assault         Tloc           0%         N/A       100%        5
 Summon Forest            Summ/Tloc      0%         N/A       100%        5
 Eringya's Noxious Bog    Tmut/Pois      0%         N/A       100%        6
 Starburst                Conj/Fire      0%         6d3       100%        6
 Enfeeble                 Hex            0%         N/A       100%        7
 Storm Form               Tmut/Air       0%         N/A       100%        7
 Summon Hydra             Summ           0%         N/A       100%        7
 Discord                  Hex            0%         N/A       100%        8
 Ignition                 Fire           0%         3d3       100%        8
 Summon Horrible Things   Summ           0%         N/A       100%        8


Dungeon Overview and Level Annotations

Branches:
Dungeon (13/15)            Temple (1/1) D:6            Lair (5/5) D:11
  Swamp (0/4) Lair:2        Snake (0/4) Lair:3        Slime (0/5) Lair:4
    Orc (0/2) D:10         Vaults (0/5) D:13          Sewer (visited)
 Bailey (visited)

Altars:
Ashenzari
Cheibriados
Dithmenos
Elyvilon
Fedhas
Gozag
Hepliaklqana
Kikubaaqudgha
Makhleb
Nemelex Xobeh
Okawaru
Qazlal
Ru
Sif Muna
Trog
Uskayaw
Vehumet
Wu Jian
Xom
Yredelemnul
Zin
The Shining One
Jiyva

Shops:
D:11 [

Annotations:
D:13 Jorgrun, Nessos


Innate Abilities, Weirdness & Mutations

Your life essence is reduced to manifest your ancestor. (-10% HP)
You have a pair of horns on your head.
You reflexively headbutt those who attack you in melee.
You are agile. (Dex +4, Str/Int -1)
You sometimes lose your temper in combat.
You are covered in fur. (AC +1)


Message History

The death yak is heavily wounded.
The helpless death yak fails to defend itself.
You puncture the death yak!
The death yak is severely wounded.
The elephant stops moving altogether!
The helpless death yak fails to defend itself.
You impale the death yak!! You headbutt the death yak.
The death yak is almost dead.
The helpless elephant fails to defend itself.
You puncture the elephant! You headbutt the elephant.
The elephant is severely wounded.
The helpless death yak fails to defend itself.
You puncture the death yak! You headbutt the death yak.
The death yak is almost dead.
The death yak is no longer petrified.
The elephant is no longer petrified.
The death yak gores you!!
* * * LOW HITPOINT WARNING * * *
The helpless elephant fails to defend itself.
You puncture the elephant!
The elephant is severely wounded.
The helpless elephant fails to defend itself.
You stick the elephant like a pincushion!!!
You kill the elephant!
The death yak flies into a frenzy!
The death yak gores the elephant!!
The death yak barely misses the elephant.
You barely miss the death yak.
The death yak is almost dead.
The elephant tramples you!
* * * LOW HITPOINT WARNING * * *
You hold your ground!
The elephant trunk-slaps you.
* * * LOW HITPOINT WARNING * * *
The death yak gores the elephant!!
As you read the scroll of teleportation, it crumbles to dust.
You feel strangely unstable.
The death yak gores the elephant!
The elephant barely misses the death yak.
The elephant trunk-slaps the death yak but does no damage.
The death yak gores the elephant!!!
The elephant dies!
The death yak gores you!!
You die...

......#.#....###.
.......#†.†......
.................
.......Y.##.$###..
......###.)†## #....
#P...# ##P.. ##.†.#
#...# ###.Y.##
#..####...@..# ..
##....#......###....
#P...........# #..P#
####...#....## #P..#
#####....## ...#
#.#...####.# #
##...##....### ###.
##..###<.#..#####...
#....#.....††...†..#


You could see a neutral death yak (fast, strong, insane).

Vanquished Creatures
  Erolcha (D:12)
  2 hydras
  A centaur warrior (D:12)
  4 two-headed ogres
  4 death yaks
  A lindwurm (Lair:4)
  A manticore (D:12)
  2 ugly things
  3 cyclopes
  17 elephants
  2 black mambas (Lair:4)
  5 cane toads
  A gargoyle (D:8)
  Maggie (D:7)
  A rime drake (Lair:2)
  Psyche (D:8)
  5 komodo dragons
  A kobold demonologist (D:12)
  2 trolls (D:10)
  4 polar bears
  9 blink frogs
  4 dream sheep (Lair:5)
  2 vampires
  23 yaks
  2 wyverns (D:11)
  Grum (D:10)
  4 basilisks
  4 vampire mosquitoes
  2 steam dragons (D:8)
  A swamp worm (Lair:2)
  Edmund (D:5)
  3 nagas (Lair:3)
  Duvessa (D:5)
  8 water moccasins
  Pargi (Sewer)
  8 orc warriors
  4 ogres
  4 black bears
  9 wolves
  2 phantoms (D:6)
  4 centaurs
  3 kobold brigands
  Blork the orc (D:5)
  8 bullfrogs
  7 scorpions
  2 gnoll sergeants
  Dowan (D:5)
  10 killer bees
  5 electric eels
  2 howler monkeys
  A crimson imp (D:7)
  10 orc priests
  3 gnoll boudas
  6 hounds
  2 jellies
  3 iguanas
  11 orc wizards
  2 hell rats (Lair:3)
  30 gnolls
  11 adders
  A white imp (D:6)
  An ufetubus (D:6)
  2 worms
  5 dart slugs
  30 orcs
  7 bats
  11 endoplasms
  7 giant cockroaches
  12 goblins
  3 hobgoblins
  3 jackals (D:4)
  16 kobolds
  4 quokkas
  2 training dummies (D:5)
  14 ball pythons
  3 frilled lizards
  7 rats
402 creatures vanquished.

Vanquished Creatures (collateral kills)
  A hydra (D:11)
  A boulder beetle (D:12)
  3 death yaks
  Sonja (Lair:4)
  A manticore (D:12)
  10 elephants
  4 black mambas
  2 unseen horrors (D:12)
  A komodo dragon (Lair:2)
  A polar bear (Lair:3)
  A hornet (D:9)
  A troll (D:9)
  3 blink frogs (Lair:1)
  5 yaks
  A wyvern (D:10)
  A spriggan (D:9)
  A shadow (D:11)
  A swamp worm (Lair:2)
  A water moccasin (D:11)
  A sky beast (D:8)
  A centaur (D:10)
  3 wolves
  3 bullfrogs
  A scorpion (D:10)
  2 killer bees (D:10)
  2 oklob saplings (D:10)
  3 electric eels
  A jelly (Lair:4)
  An orc priest (D:10)
  A hell rat (Lair:3)
  2 gnolls
  An adder (D:10)
  2 endoplasms (Lair:4)
  3 ball pythons (D:10)
  3 kobolds (D:8)
70 creatures vanquished.

Vanquished Creatures (others)
  A death yak (Lair:5)
  An elephant (Lair:3)
  A komodo dragon (Lair:5)
  A dream sheep (Lair:5)
  2 yaks (Lair:5)
  A water moccasin (Lair:4)
  A hell rat (Lair:3)
  6 knights
  2 ancestors
  A bush (D:11)
  17 fungi
  43 plants
77 creatures vanquished.

Grand Total: 549 creatures vanquished

Notes
Turn   | Place    | Note
-------+----------+-------------------------------------------
     0 | D:1      | Icepheonix32 the Minotaur Fighter began the quest for the
                  | Orb.
     0 | D:1      | Reached XP level 1. HP: 19/19 MP: 0/0
   108 | D:1      | Reached skill level 4 in Fighting
   110 | D:1      | Reached XP level 2. HP: 27/27 MP: 1/1
   508 | D:1      | Found a faded altar of an unknown god.
   718 | D:1      | Reached XP level 3. HP: 34/34 MP: 2/2
   795 | D:2      | Found a shadowy altar of Dithmenos.
   800 | D:2      | Identified the +6 trident of Gravity {vorpal, rN+}
   888 | D:2      | You fall into a shaft and drop 2 floors!
   919 | D:4      | Noticed an ogre
   924 | D:4      | Killed an ogre
   925 | D:4      | Reached skill level 5 in Fighting
   925 | D:4      | Reached skill level 1 in Polearms
   925 | D:4      | Reached skill level 1 in Dodging
   925 | D:4      | Reached XP level 4. HP: 42/42 MP: 3/3
   928 | D:4      | Reached XP level 5. HP: 48/48 MP: 4/4
   932 | D:4      | Noticed a +0 hand axe
   933 | D:4      | Noticed a +0 hand axe
  1338 | D:2      | Reached skill level 6 in Fighting
  1368 | D:2      | Got the Secrets of Grim Command
  1628 | D:2      | Reached skill level 5 in Armour
  2171 | D:3      | Found a broken altar of Ashenzari.
  2295 | D:3      | Reached XP level 6. HP: 54/57 MP: 5/5
  2797 | D:4      | Found a hide-covered altar of Uskayaw.
  2994 | D:4      | Found a shimmering blue altar of Sif Muna.
  3092 | D:5      | Entered Level 5 of the Dungeon
  3092 | D:5      | Noticed Edmund
  3101 | D:5      | Killed Edmund
  3102 | D:5      | Reached XP level 7. HP: 62/64 MP: 6/6
  3124 | D:5      | Noticed Blork the orc
  3132 | D:5      | Killed Blork the orc
  3133 | D:5      | Reached skill level 5 in Polearms
  3659 | D:5      | Noticed Duvessa
  3659 | D:5      | Noticed Dowan
  3666 | D:5      | Killed Duvessa
  3667 | D:5      | Reached skill level 5 in Shields
  3671 | D:5      | Killed Dowan
  4031 | D:6      | Reached skill level 7 in Fighting
  4031 | D:6      | Reached XP level 8. HP: 71/73 MP: 7/7
  4032 | D:6      | Found a white marble altar of Elyvilon.
  4200 | D:6      | Found a glowing drain.
  4217 | Sewer    | Entered a sewer
  4269 | Sewer    | Noticed Pargi
  4274 | Sewer    | Killed Pargi
  4411 | D:6      | Found a staircase to the Ecumenical Temple.
  4428 | Temple   | Entered the Ecumenical Temple
  4610 | Temple   | Became a worshipper of Hepliaklqana the Forgotten
  5110 | D:6      | Found a bloodstained altar of Trog.
  5236 | D:6      | Reached skill level 1 in Stealth
  5345 | D:6      | Reached skill level 8 in Fighting
  5345 | D:6      | Reached XP level 9. HP: 81/81 MP: 8/8
  5708 | D:7      | Reached * piety under Hepliaklqana
  6136 | D:7      | Identified the +5 falchion "Nejar" {speed, Fly rC+ Int+7}
  6469 | D:7      | Noticed Maggie
  6480 | D:7      | Killed Maggie
  6717 | D:7      | Found a shimmering altar of Xom.
  6725 | D:7      | Found a burning altar of Makhleb.
  6851 | D:7      | Gained mutation: You are somewhat resistant to further
                  | mutation. [potion of mutation]
  6851 | D:7      | Gained mutation: You are frail. (-10% HP) [potion of
                  | mutation]
  6851 | D:7      | Gained mutation: Armour fits poorly on your strangely
                  | shaped body. [potion of mutation]
  6852 | D:7      | Lost mutation: Armour fits poorly on your strangely shaped
                  | body. [potion of mutation]
  6852 | D:7      | Lost mutation: You are frail. (-10% HP) [potion of
                  | mutation]
  6852 | D:7      | Lost mutation: You are somewhat resistant to further
                  | mutation. [potion of mutation]
  6852 | D:7      | Gained mutation: You are covered in fur. (AC +1) [potion of
                  | mutation]
  6852 | D:7      | Gained mutation: You sometimes lose your temper in combat.
                  | [potion of mutation]
  6852 | D:7      | Gained mutation: You are agile. (Dex +4, Str/Int -1)
                  | [potion of mutation]
  6887 | D:8      | Reached skill level 9 in Fighting
  6934 | D:8      | Noticed a two-headed ogre
  6944 | D:8      | Killed a two-headed ogre
  6945 | D:8      | Reached skill level 10 in Polearms
  6945 | D:8      | Reached skill level 5 in Dodging
  6996 | D:8      | Noticed Psyche
  7004 | D:8      | Killed Psyche
  7005 | D:8      | Reached XP level 10. HP: 55/81 MP: 7/9
  7420 | D:8      | Found a radiant altar of Vehumet.
  7436 | D:8      | Noticed a gargoyle
  7444 | D:8      | Killed a gargoyle
  7636 | D:9      | Noticed a two-headed ogre
  7642 | D:9      | Killed a two-headed ogre
  7643 | D:9      | Reached skill level 10 in Fighting
  7788 | D:9      | Found a flagged portal.
  7821 | Bailey   | Entered a bailey
  8446 | D:9      | Reached ** piety under Hepliaklqana
  8447 | D:9      | Remembered your ancestor Amenemopet as a knight
  8515 | D:9      | Found a shadowy altar of Dithmenos.
  8900 | D:9      | Noticed a two-headed ogre
  8900 | D:9      | Noticed a two-headed ogre
  8907 | D:9      | Killed a two-headed ogre
  8909 | D:9      | Killed a two-headed ogre
  8910 | D:9      | Reached skill level 11 in Fighting
  8910 | D:9      | Reached XP level 11. HP: 82/91 MP: 10/10
  8943 | D:9      | Found the +12 pair of quick blades "Gyre" and "Gimble"
                  | {protect}
  9258 | D:10     | Entered Level 10 of the Dungeon
  9288 | D:10     | Found a staircase to the Orcish Mines.
  9696 | D:10     | Found a large runed translucent door.
  9733 | D:10     | Found a large runed translucent door.
  9785 | D:10     | Reached skill level 1 in Invocations
 10564 | D:10     | Reached *** piety under Hepliaklqana
 10728 | D:10     | Noticed Grum
 10733 | D:10     | Reached skill level 1 in Throwing
 10737 | D:10     | Killed Grum
 10924 | D:10     | Found an iron altar of Okawaru.
 10937 | D:10     | Found a basalt altar of Yredelemnul.
 11169 | D:11     | Noticed a five-headed hydra
 11169 | D:11     | Noticed a red ugly thing
 11173 | D:11     | Killed a five-headed hydra
 11176 | D:11     | Killed a red ugly thing
 11372 | D:11     | Reached skill level 1 in Evocations
 11405 | D:11     | Found a staircase to the Lair.
 11445 | D:11     | HP: 4/93 [cyclops (23)]
 11448 | D:11     | Reached skill level 12 in Fighting
 11993 | D:11     | Found Qounutt's Armour Boutique.
 12011 | D:11     | Bought a +2 pair of boots of flying for 301 gold pieces
 12562 | D:11     | Found a sacrificial altar of Ru.
 12835 | D:12     | Noticed Erolcha
 12903 | D:12     | Killed Erolcha
 12904 | D:12     | Reached XP level 12. HP: 71/100 MP: 13/13
 12944 | D:12     | Noticed a boulder beetle
 12963 | D:12     | Killed a boulder beetle
 13000 | D:12     | Identified the +0 robe of the Earth {rElec MP+9}
 13975 | D:13     | Noticed Nessos
 13975 | D:13     | Noticed a two-headed ogre
 13975 | D:13     | Noticed Jorgrun
 13975 | D:13     | Noticed a centaur warrior
 13975 | D:13     | Found a gate to the Vaults.
 13975 | D:13     | Reached **** piety under Hepliaklqana
 13980 | D:12     | Killed a centaur warrior
 13981 | D:12     | Reached skill level 13 in Fighting
 14088 | Lair:1   | Entered Level 1 of the Lair of Beasts
 14197 | Lair:1   | Noticed a seven-headed hydra
 14205 | Lair:1   | Killed a seven-headed hydra
 14833 | Lair:1   | Reached skill level 14 in Fighting
 14833 | Lair:1   | Reached skill level 5 in Evocations
 14833 | Lair:1   | Reached XP level 13. HP: 112/112 MP: 15/15
 15131 | Lair:2   | Found a radiant altar of Vehumet.
 15201 | Lair:2   | Reached ***** piety under Hepliaklqana
 15527 | Lair:2   | Found a staircase to the Swamp.
 15569 | Lair:2   | Reached skill level 5 in Stealth
 16042 | Lair:3   | Reached skill level 5 in Invocations
 16141 | Lair:3   | Reached skill level 15 in Fighting
 16177 | Lair:3   | Found a staircase to the Snake Pit.
 16193 | Lair:3   | Reached XP level 14. HP: 121/121 MP: 16/16
 16908 | Lair:4   | Noticed Sonja
 16924 | Lair:4   | Killed Sonja
 17010 | Lair:4   | Got Naconkau's Incunabulum of Exhibitionism
 17483 | Lair:4   | Found a viscous altar of Jiyva.
 17488 | Lair:4   | Found a staircase to the Slime Pits.
 17989 | Lair:5   | Entered Level 5 of the Lair of Beasts
 18120 | Lair:5   | Reached skill level 16 in Fighting
 18160 | Lair:5   | Slain by a death yak

Illustrated notes

Levels and vault maps discovered:
D:1:      dreamdust_arrival_sigmund_warning, layout_loops_ring,
          ebering_ecumenical_altar_abandoned
D:2:      layout_loops_corners, basic_altar, minmay_increasing_density
D:3:      layout_loops_ring, amcnicky_altar_gilded, hangedman_decor_push,
          skrybe_limestone_x, minmay_circle_x
D:4:      layout_basic, tgw_sif, dancing_weapons_uskayaw
D:5:      dreamdust_elfheim, layout_basic, serial_curves, eino_curves_01,
          eino_curves_02, chequers_serial_rivers_micro_e, uniq_edmund,
          uniq_blork_the_orc
D:6:      layout_basic, trog_butcher_becter, mainiacjoe_overflow_brackets,
          minmay_temple_entry_offerings, portal_sewer_entry_b,
          grunt_ministairs_4
D:7:      layout_loops_corners, grunt_temple_overflow_champion_of_chaos,
          uniq_maggie
D:8:      layout_basic, mainiacjoe_overflow_concentric_impassable, uniq_psyche
D:9:      layout_basic, mainiacjoe_overflow_catwalk, enter_bailey_3,
          hellmonk_guarded_unrand_gyre_and_gimble
D:10:     layout_irregular_city, jmf_multi_god_temple2, david_orc_3,
          introduction_to_nature_2, uniq_grum
D:11:     layout_long_grid, minmay_lair_entry_grove, serial_shops,
          nicolae_square_shop, moated_statue, nicolae_ru_path_of_blood
D:12:     layout_basic, minmay_curled_crystal, uniq_erolcha
D:13:     layout_basic, david_vaults_3, serial_shops, nicolae_take_the_stairs,
          shop, shop, uniq_jorgrun, uniq_kirke
Temple:   bh_familiar_temple
Lair:1:   layout_regular_city, serial_bayou_lagoon_b
Lair:2:   layout_cave_pods, nicolae_swamp_entry_splash_gauntlet, basic_altar,
          grunt_megastairs_3, lemuel_fruit_tree, serial_bayou_shore_a
Lair:3:   layout_gridlike, minmay_snake_entry_guardpost_small,
          serial_bayou_shore_b
Lair:4:   beast_lair_carwin_large_4, layout_layer_cave,
          nicolae_slime_entry_slimehenge, uniq_sonja
Lair:5:   wormcave, layout_loops_ring, hangedman_lair_caniforms_friends

Skill      XL: |  1  2  3  4  5  6  7  8  9 10 11 12 13 14 |
---------------+-------------------------------------------+-----
Fighting       | 4 5 6 7 8 9 11 12 14 15 16 | 16.3
Armour         | 4 5 6 7 8 9 |  9.9
Shields        | 4 5 6 7 |  7.0
Polearms       | 1 4 6 8 10 12 13 14 | 14.9
Dodging        | 1 3 5 6 7 8 9 |  9.0
Stealth        | 1 3 4 5 |  5.9
Invocations    | 3 4 5 6 |  6.4
Throwing       | 2 3 4 |  4.5
Evocations     | 2 5 6 7 |  7.3
Axes           | |  2.7

Action                   |  1- 3 |  4- 6 |  7- 9 | 10-12 | 13-15 || total
-------------------------+-------+-------+-------+-------+-------++-------
Melee: War axe           |    39 |       |       |       |       ||    39
       Headbutt          |     6 |     8 |    29 |    60 |    86 ||   189
       Trident           |     7 |   107 |   209 |   482 |   363 ||  1168
Throw: Boomerang         |       |       |       |    53 |    12 ||    65
Invok: Ancestor Life: Kn |       |       |       |     1 |       ||     1
       Recall Ancestor   |       |       |       |       |     1 ||     1
       Idealise          |       |       |       |       |     1 ||     1
Evoke: Wand              |       |     2 |       |     2 |     2 ||     6
  Use: Scroll            |       |       |    17 |       |     5 ||    22
       Potion            |       |       |    12 |     3 |       ||    15
 Stab: Sleeping          |       |       |     1 |     9 |     5 ||    15
       Distracted        |       |       |       |     4 |     7 ||    11
       Paralysed         |       |       |       |     5 |       ||     5
       Petrified         |       |       |       |       |    10 ||    10
       Petrifying        |       |       |       |       |     2 ||     2
Armor: Scale mail        |     5 |       |       |       |       ||     5
       Ring mail         |    15 |    25 |    43 |    84 |    65 ||   232
Dodge: Dodged            |    26 |    23 |    63 |   146 |   121 ||   379
Block: Buckler           |    10 |    18 |    28 |    70 |       ||   126
